 Dungeon Crawl Stone Soup version 0.27.0-1-g7a089689b8 (webtiles) character file.

Game seed: 1097843763652872944

165 lessens the Conjurer (level 5, -7/38 HPs)
             Began as a Ghoul Conjurer on Aug 10, 2021.
             Engulfed by a steam dragon's steam (11 damage)
             ... on level 4 of the Dungeon.
             The game lasted 00:06:57 (4791 turns).

lessens the Conjurer (Ghoul Conjurer)               Turns: 4791, Time: 00:06:58

Health: -7/38      AC:  2    Str: 12    XL:     5   Next: 46%
Magic:  17/17      EV: 26    Int: 13    God:
Gold:   125        SH:  0    Dex:  7    Spells: 7/10 levels left

rFire    . . .     SeeInvis .   f - +2 mace (protect)
rCold    + . .     Faith    .   (no shield)
rNeg     + + +     Spirit   .   a - +0 robe
rPois    ∞         Reflect  .   (no helmet)
rElec    .         Harm     .   (no cloak)
rCorr    .         Rampage  .   (no gloves)
Will     .....                  (no boots)
Stlth    ++........             c - amulet of the acrobat
HPRegen  0.12/turn              i - ring of magical power
MPRegen  0.15/turn              (no ring)

@: acrobatic
A: claws 1, cold resistance 1, negative energy resistance 3, inhibited
regeneration, torment resistance 2
a: no special abilities


You were on level 4 of the Dungeon.
You visited 1 branch of the dungeon, and saw 4 of its levels.

You collected 125 gold pieces.

Inventory:

Hand Weapons
 f - a +2 mace of protection (weapon)
Missiles
 e - 95 stones
 m - 11 poisoned darts
Armour
 a - a +0 robe (worn)
 p - a +0 pair of gloves
Jewellery
 c - an amulet of the acrobat (around neck)
 i - a ring of magical power (left claw)
Scrolls
 b - 2 scrolls of vulnerability {unknown}
 h - a scroll of identify
 k - a scroll of teleportation {unknown}
 l - a scroll of magic mapping {unknown}
 n - a scroll of torment {unknown}
 o - a scroll of fog {unknown}
Potions
 d - a potion of haste
 g - 2 potions of might
 j - 2 potions of curing
 q - a potion of attraction {unknown}


   Skills:
 - Level 1.7 Dodging
 - Level 2.1 Stealth
 + Level 3.1 Unarmed Combat
 + Level 3.1 Spellcasting
 - Level 4.0 Conjurations


You had 7 spell levels left.
You knew the following spells:

 Your Spells              Type           Power      Damage    Failure   Level
a - Magic Dart            Conj           48%        1d5       4%          1
b - Searing Ray           Conj           24%        3d4       7%          2

Your spell library contained the following spells:

 Spells                   Type           Power      Damage    Failure   Level
 Dazzling Flash           Conj/Hex       14%        N/A       30%         3
 Call Canine Familiar     Summ           2%         N/A       56%         3
 Portal Projectile        Hex/Tloc       4%         N/A       56%         3
 Fulminant Prism          Conj/Hex       3%         3d6       69%         4
 Iskenderun's Mystic Bla  Conj/Tloc      7%         2d4       69%         4
 Leda's Liquefaction      Hex/Erth       1%         N/A       92%         4


Dungeon Overview and Level Annotations

Branches:
Dungeon (4/15)
 Temple: D:4-7

Altars:


Innate Abilities, Weirdness & Mutations

You thrive by killing the living.
You are immune to poison.
You have sharp fingernails.
Your flesh is cold resistant. (rC+)
You are immune to negative energy. (rN+++)
You do not regenerate when monsters are visible.
You are immune to unholy pain and torment.


Message History

The adder hisses angrily.
The magic dart hits the adder.
The adder is moderately wounded.
The magic dart hits the adder.
The adder is heavily wounded.
Casting: Magic Dart (safe; 4% risk of failure)
Confirm with . or Enter, or press ? or * to list all spells.
Aiming: Searing Ray (safe; 7% risk of failure)
Press: ? - help, Shift-Dir - straight line, f/p - adder
Aim: an adder (heavily wounded, 60% to hit)
The searing ray misses the adder. (Press . to maintain the ray.)
Casting: Searing Ray (safe; 7% risk of failure)
Confirm with . or Enter, or press ? or * to list all spells.
Restarting spell: Searing Ray (safe; 7% risk of failure)
Press: ? - help, Shift-Dir - straight line, f/p - adder
Aim: an adder (heavily wounded, 60% to hit)
The searing ray hits the adder!
You kill the adder! (Press . to maintain the ray.)
Found a stone staircase leading down.
You now have 125 gold pieces (gained 9).
Found a long sword.
You see here a +0 long sword.
A steam dragon comes into view.
The steam dragon hisses angrily.
The steam dragon breathes steam at you. The ball of steam hits you!!
Ouch! That really hurt!
The steam dragon moves out of view.
You are engulfed in a cloud of scalding steam.
* * * LOW HITPOINT WARNING * * *
The steam dragon breathes steam at you. The ball of steam misses you.
Really walk into that cloud of steam? [Y]es or [N]o only, please.
Really walk into that cloud of steam?
Okay, then.
You are engulfed in a cloud of scalding steam.
You die...

.. #....# ..#
#....##.#####...!. ....
#....+(.##........
#......####....##.##........
#..................#......# #
#......#...#...##..#.....^# ..
.....<....#§§§§§..#......#
..........#....§@§.§..#......#
..#...........##§§§§..D......#
..#..##.#..##.##..§..##.######
..............##.....##.#
#.#.###.##..####.....#.§.
........###...##.....#....
..#.......#...##.....#.....
#.#.......#...##......D..###
#.#.......#...##.....#####


There were no monsters in sight!

Vanquished Creatures
  A hound (D:4)
  An iguana (D:3)
  4 adders
  An adder skeleton (D:4)
  A worm (D:2)
  3 dart slugs
  4 orcs
  5 ball pythons
  2 endoplasms
  A giant cockroach (D:1)
  6 goblins
  6 hobgoblins
  4 jackals (D:1)
  2 kobolds
  A quokka (D:1)
  4 bats
  2 frilled lizards
  9 rats
57 creatures vanquished.

Notes
Turn   | Place    | Note
-------+----------+-------------------------------------------
     0 | D:1      | lessens the Ghoul Conjurer began the quest for the Orb.
     0 | D:1      | Reached XP level 1. HP: 14/14 MP: 2/2
   358 | D:1      | Reached XP level 2. HP: 20/20 MP: 0/4
   416 | D:1      | Reached skill level 1 in Unarmed Combat
   736 | D:1      | Reached XP level 3. HP: 26/26 MP: 0/5
  1530 | D:2      | Found a faded altar of an unknown god.
  2721 | D:2      | Learned a level 2 spell: Searing Ray
  3056 | D:3      | Reached XP level 4. HP: 33/33 MP: 6/6
  4475 | D:3      | Reached skill level 4 in Conjurations
  4475 | D:3      | Reached XP level 5. HP: 26/38 MP: 6/8
  4782 | D:4      | Noticed a steam dragon
  4791 | D:4      | Engulfed by a steam dragon's steam

Illustrated notes

Levels and vault maps discovered:
D:1:      dpeg_arrival_more_subterranean_lakeside_camping, layout_basic,
          serial_corexii_hall, corexii_hall_statues_deadend,
          corexii_hall_statues_i, corexii_hall_statues_x,
          corexii_hall_statues_s, solitary_fountain
D:2:      minmay_angry_zag, layout_basic, hellmonk_ecumenical_altar_arch_garden
D:3:      layout_basic
D:4:      layout_basic, serial_shops, shop_statue,
          minmay_fractal_squares_gapless_5

Skill      XL: |  1  2  3  4  5 |
---------------+----------------+-----
Spellcasting   | 2 3 |  3.1
Unarmed Combat | 1 2 3 |  3.1
Conjurations   | 4 |  4.0
Dodging        | |  1.7
Stealth        | |  2.1

Action                   |  1- 3 |  4- 6 || total
-------------------------+-------+-------++-------
Melee: Unarmed           |    34 |       ||    34
       Mace              |     3 |    12 ||    15
 Cast: Magic Dart        |   112 |    52 ||   164
       Searing Ray       |       |    12 ||    12
  Use: Scroll            |     2 |       ||     2
       Potion            |     1 |       ||     1
Armor: Robe              |     4 |     5 ||     9
Dodge: Dodged            |    27 |    23 ||    50
